 Dungeon Crawl Stone Soup version 0.19.4-9-g45fd643 (console) character file.

50 Grinner the Gusty (level 3, -2/19 HPs)
             Began as a Tengu Air Elementalist on Feb 21, 2017.
             Slain by a worker ant (3 damage)
             ... on level 4 of the Dungeon.
             The game lasted 00:03:52 (1757 turns).

Grinner the Gusty (Tengu Air Elementalist)          Turns: 1757, Time: 00:03:53

Health: -2/19      AC:  2    Str:  8    XL:     3   Next: 79%
Magic:  0/2        EV: 13    Int: 15    God:
Gold:   64         SH:  0    Dex: 15    Spells: 1 memorised, 5 levels left

rFire  . . .     SeeInvis .     a - +4 short sword (antimagic)
rCold  . . .     Gourm    .     d - +0 robe
rNeg   . . .     Faith    .     (no shield)
rPois  .         Spirit   .     (helmet restricted)
rElec  .         Reflect  .     (no cloak)
rCorr  .         Harm     .     (no gloves)
MR     .....                    (boots unavailable)
Stlth  ++........               (no amulet)
                                (no ring)
                                (no ring)

@: lethally poisoned (-2 -> -7)
A: beak, talons 3
a: no special abilities


You were on level 4 of the Dungeon.
You were not hungry.

You visited 1 branch of the dungeon, and saw 3 of its levels.

You collected 64 gold pieces.

Inventory:

Hand Weapons
 a - a +4 antimagic short sword (weapon)
Armour
 d - a +0 robe (worn)
 f - a +0 shield
Scrolls
 e - 2 scrolls of remove curse {unknown}
 g - 2 scrolls of identify {unknown}
 i - a scroll of amnesia {unknown}
Potions
 j - a potion of brilliance {unknown}
 l - a potion of curing {unknown}
 m - a potion of flight {unknown}
 n - a potion of agility {unknown}
Books
 b - a book of Air

   Spells                             Type                      Level
   a - Shock                          Conjuration/Air              1
   b - Swiftness                      Charms/Air                   2
   c - Repel Missiles                 Charms/Air                   2
   d - Static Discharge               Conjuration/Air              3
   e - Lightning Bolt                 Conjuration/Air              5
Comestibles
 c - 2 bread rations
 k - 3 fruits


   Skills:
 * Level 1.4 Short Blades
 + Level 2.9 Dodging
 - Level 2.0 Stealth
 + Level 2.3 Spellcasting
 + Level 2.0 Conjurations
 + Level 4.5 Air Magic


You had 5 spell levels left.
You knew the following spells:

 Your Spells              Type           Power        Failure   Level  Hunger
z - Shock                 Conj/Air       ##..         8%          1    #......


Dungeon Overview and Level Annotations

Branches:
Dungeon (2/15)

Altars:

Annotations:
D:2 Robin


Innate Abilities, Weirdness & Mutations

You have a beak for a mouth.
You have claws for feet.


Message History

You hit the worker ant. Your kick misses the worker ant.
The worker ant is heavily wounded.
The worker ant bites you!
You are poisoned.
The worker ant poisons you! The worker ant bites you.
You hit the worker ant but do no damage.
You claw the worker ant, but do no damage.
You peck the worker ant.
The worker ant is severely wounded.
* * * LOW HITPOINT WARNING * * *
You feel sick. The worker ant bites you.
* * * LOW HITPOINT WARNING * * *
You are too injured to fight recklessly!
The worker ant barely misses you.
You hit the worker ant but do no damage.
Your peck misses the worker ant.
The worker ant is severely wounded.
* * * LOW HITPOINT WARNING * * *
You feel sick. The worker ant bites you.
You die...

#.# #.# #.# #.# ##+##
#.# ##...## #.###
##.....## #.#.###
##.......#
.#####@a...###.........
......%.......'.........
..######....###.........
#......># ##.......#
#.#####.# ##.....## #
#.# ##...## #.# ##+####
..# #.# #. #.# #.# #.


You could see a worker ant.

Vanquished Creatures
  A worker ant (D:4)
  2 bats
  6 goblins
  4 hobgoblins
  6 kobolds
  4 frilled lizards
  3 rats (D:1)
26 creatures vanquished.

Notes
Turn   | Place    | Note
-------+----------+-------------------------------------------
     0 | D:1      | Grinner the Tengu Air Elementalist began the quest for the Orb.
     0 | D:1      | Reached XP level 1. HP: 10/10 MP: 4/4
   418 | D:1      | Reached XP level 2. HP: 15/15 MP: 2/6
  1050 | D:2      | Noticed Robin
  1394 | D:2      | Reached XP level 3. HP: 13/19 MP: 2/7
  1531 | D:2      | You fall through a shaft for 2 floors!
  1657 | D:4      | Reached skill level 1 in Short Blades
  1757 | D:4      | Slain by a worker ant

Skill      XL: |  1  2  3 |
---------------+----------+-----
Short Blades   | 1 |  1.4
Conjurations   | 2 |  2.0
Dodging        | |  2.9
Stealth        | |  2.0
Spellcasting   | |  2.3
Air Magic      | |  4.5

Action                   || total
-------------------------++-------
Melee: Short sword       ||    56
       Kick              ||     6
       Peck              ||     2
 Cast: Shock             ||    10
  Use: Potion            ||     2
 Stab: Sleeping          ||     2
       Distracted        ||     1
  Eat: Meat ration       ||     1
Armor: Robe              ||    10
Dodge: Dodged            ||    30
